 Dungeon Crawl Stone Soup version 0.24.1 (webtiles) character file.

Game seed: 4616576686036370046, levelgen mode: deterministic

62 nightchill the Digger (level 4, -3/26 HPs)
             Began as a Gargoyle Earth Elementalist on Mar 30, 2020.
             Slain by a gnoll
             ... wielding a +0 spear
              (8 damage)
             ... on level 2 of the Dungeon.
             The game lasted 00:03:38 (1892 turns).

nightchill the Digger (Gargoyle Earth Elementalist) Turns: 1892, Time: 00:03:39

Health: -3/26      AC:  5    Str: 12    XL:     4   Next: 8%
Magic:  4/7        EV: 12    Int: 16    God:
Gold:   65         SH:  0    Dex: 10    Spells: 4/7 levels left

rFire    . . .     SeeInvis .   a - +0 dagger
rCold    . . .     Gourm    .   (no shield)
rNeg     + . .     Faith    .   c - +0 robe
rPois    ∞         Spirit   .   (no helmet)
rElec    +         Reflect  .   (no cloak)
rCorr    .         Harm     .   (no gloves)
MR       .....                  (no boots)
Stlth    ++........             (no amulet)
HPRegen  0.08/turn              (no ring)
MPRegen  0.10/turn              (no ring)

@: no status effects
A: negative energy resistance 1, electricity resistance, unbreathing,
petrification resistance, rot immunity, AC +3
a: no special abilities


You were on level 2 of the Dungeon.
You were hungry.

You visited 1 branch of the dungeon, and saw 2 of its levels.

You collected 65 gold pieces.

Inventory:

Hand Weapons
 a - a +0 dagger (weapon)
 g - a +0 club
 i - a cursed -3 dagger
 n - a +0 whip
Missiles
 b - 23 stones (quivered)
Armour
 c - a +0 robe (worn)
Scrolls
 e - 2 scrolls of identify {unknown}
 j - 3 scrolls of enchant armour {unknown}
 k - a scroll of remove curse {unknown}
 o - a scroll of amnesia {unknown}
Potions
 f - a potion of curing {unknown}
 h - a potion of cancellation {unknown}
 l - a potion of resistance {unknown}
Comestibles
 d - a ration
 m - 3 chunks of flesh


   Skills:
 + Level 2.0 Fighting
 - Level 1.5 Dodging
 - Level 2.1 Stealth
 - Level 2.0 Spellcasting
 - Level 0.7 Transmutations
 * Level 5.2 Earth Magic


You had 4 spell levels left.
You knew the following spells:

 Your Spells              Type           Power        Failure   Level  Hunger
a - Sandblast             Erth           ###...       2%          1    #......
b - Passwall              Tmut/Erth      ##......     10%         2    ###....

Your spell library contained the following spells:

 Spells                   Type           Power        Failure   Level  Hunger
 Stone Arrow              Conj/Erth      ##....       22%         3    ###....
 Petrify                  Tmut/Erth      ##......     52%         4    #####..
 Lee's Rapid Deconstruct  Erth           ###.......   54%         5    ######.


Dungeon Overview and Level Annotations

Branches:
Dungeon (2/15)

Altars:

Annotations:
D:1 exclusion: downstairs


Innate Abilities, Weirdness & Mutations

You are resistant to torment.
Your stone body is resilient. (AC +3)
You are immune to poison.
You resist negative energy. (rN+)
You are resistant to electric shocks. (rElec)
You can survive without breathing.
You are immune to petrification.
You are immune to rotting.


Message History

Confirm with . or Enter, or press ? or * to list all spells.
Aiming: Sandblast (safe; 2% risk of failure)
Press: ? - help, Shift-Dir - straight line, f/p - gnoll
Aim: a gnoll, wielding a +0 spear (moderately wounded)
The blast of sand misses the gnoll.
b - 23 stones The gnoll hits you from afar with a +0 spear!
The gnoll hits you from afar with a +0 spear. x2
* * * LOW HITPOINT WARNING * * *
The gnoll misses you.
Casting: Sandblast (safe; 2% risk of failure)
Confirm with . or Enter, or press ? or * to list all spells.
Aiming: Passwall (safe; 10% risk of failure)
Press: ? - help, Dir - move target cursor A rock wall.
You are feeling hungry.
The gnoll closely misses you.
You begin to meditate on the wall.
You continue meditating on the rock.
The gnoll hits you from afar with a +0 spear!
You die...

.............(.............##.###
..)...............##...........##
............s...#........#.##....
#...............####.....#.##.##.
###.............# #######.##.##.
##..........<.# #....##.
#.......gs#### #..####.
#..........g###########..####.
#####.....#g.@..............#.
#.....########............
#.....# #..........## #.....#
#.)........# ####### ############


You could see 3 gnolls and a giant cockroach.

Vanquished Creatures
  An adder (D:2)
  A gnoll (D:2)
  An ooze (D:1)
  2 dart slugs (D:1)
  5 bats
  2 giant cockroaches (D:1)
  4 goblins
  5 hobgoblins
  4 kobolds (D:1)
  3 frilled lizards
  7 rats
35 creatures vanquished.

Notes
Turn   | Place    | Note
-------+----------+-------------------------------------------
     0 | D:1      | nightchill the Gargoyle Earth Elementalist began the quest
                  | for the Orb.
     0 | D:1      | Reached XP level 1. HP: 10/10 MP: 3/3
   442 | D:1      | Reached skill level 4 in Earth Magic
   474 | D:1      | Reached XP level 2. HP: 16/16 MP: 3/5
   542 | D:1      | Reached skill level 1 in Fighting
  1002 | D:1      | Reached XP level 3. HP: 18/20 MP: 6/6
  1731 | D:2      | Reached skill level 5 in Earth Magic
  1774 | D:2      | Learned a level 2 spell: Passwall
  1817 | D:2      | Reached XP level 4. HP: 17/26 MP: 5/7
  1892 | D:2      | Slain by a gnoll

Levels and vault maps discovered:
D:1:      wander_arrival_desolate, layout_loops_ring
D:2:      layout_rooms, fedhas_altar_fruit_tree

Skill      XL: |  1  2  3 |
---------------+----------+-----
Earth Magic    | 4 5 |  5.2
Fighting       | 1 2 |  2.0
Dodging        | |  1.5
Stealth        | |  2.1
Spellcasting   | |  2.0
Transmutations | |  0.7

Action                   |  1- 3 |  4- 6 || total
-------------------------+-------+-------++-------
Melee: Dagger            |   117 |     8 ||   125
 Cast: Sandblast         |    14 |     3 ||    17
       Passwall          |       |     1 ||     1
 Stab: Sleeping          |     6 |       ||     6
  Eat: Chunk             |     3 |       ||     3
Armor: Robe              |    39 |     2 ||    41
Dodge: Dodged            |    86 |     7 ||    93
